 Dungeon Crawl Stone Soup version 0.23.2-33-g5129a83184 (webtiles) character file.

Game seed: 12662774164457688974

93 Derp the Skirmisher (level 4, -11/37 HPs)
             Began as a Demonspawn Abyssal Knight on July 15, 2019.
             Was a Believer of Lugonu.
             Killed from afar by Crazy Yiuf (13 damage)
             ... with a wand of flame (14)
             ... on level 2 of the Dungeon.
             The game lasted 00:06:30 (2350 turns).

Derp the Skirmisher (Demonspawn Abyssal Knight)     Turns: 2350, Time: 00:06:31

Health: -11/37     AC:  5    Str: 13    XL:     4   Next: 36%
Magic:  5/5        EV: 11    Int: 13    God:    Lugonu [**....]
Gold:   161        SH:  0    Dex: 13    Spells: 3/3 levels left

rFire    . . .     SeeInvis .   a - +1 mace
rCold    . . .     Gourm    .   (no shield)
rNeg     . . .     Faith    .   j - +2 leather armour {rPois}
rPois    +         Spirit   .   (helmet restricted)
rElec    .         Reflect  .   (no cloak)
rCorr    .         Harm     .   (no gloves)
MR       .....                  (no boots)
Stlth    +.........             (no amulet)
HPRegen  0.12/turn              (no ring)
MPRegen  0.09/turn              (no ring)

@: no status effects
A: claws 1, horns 1, demonic guardian 1
a: Depart the Abyss, Bend Space, Renounce Religion


You were on level 2 of the Dungeon.
You worshipped Lugonu.
Lugonu was pleased with you.
You were not hungry.

You visited 1 branch of the dungeon, and saw 2 of its levels.
You visited the Abyss 1 time.

You collected 161 gold pieces.

Inventory:

Hand Weapons
 a - a +1 mace (weapon)
Armour
 b - a +0 leather armour
 j - a +2 leather armour of poison resistance (worn)
Jewellery
 g - an uncursed ring of positive energy
 q - an uncursed ring of positive energy
Scrolls
 f - 3 scrolls of identify
 h - 3 scrolls of enchant weapon
 k - a scroll of teleportation {unknown}
 l - a scroll of remove curse {unknown}
 m - a scroll of enchant armour {unknown}
 o - a scroll of noise {unknown}
 p - a scroll of immolation {unknown}
Potions
 d - a potion of heal wounds {unknown}
 e - a potion of berserk rage {unknown}
 i - 4 potions of mutation
 n - a potion of haste
 r - a potion of curing {unknown}
Comestibles
 c - 3 rations


   Skills:
 + Level 3.9 Fighting
 + Level 2.7 Maces & Flails
 + Level 2.3 Armour
 + Level 1.5 Dodging
 + Level 0.2 Stealth
 + Level 2.4 Invocations


You had 3 spell levels left.
You didn't know any spells.
Your spell library was empty.

Dungeon Overview and Level Annotations

Branches:
Dungeon (2/15)

Altars:
Ashenzari
Gozag
Hepliaklqana

Annotations:
D:2 Crazy Yiuf


Innate Abilities, Weirdness & Mutations

You have sharp fingernails.
You have a pair of small horns on your head.
A weak demonic guardian rushes to your aid.


Message History

Your ufetubus hits Crazy Yiuf.
Your ufetubus closely misses Crazy Yiuf.
Your ufetubus hits Crazy Yiuf.
Your ufetubus barely misses Crazy Yiuf.
Crazy Yiuf hits your ufetubus with a +4 quarterstaff of chaos.
Your ufetubus seems to speed up.
Your ufetubus barely misses Crazy Yiuf.
Your ufetubus hits Crazy Yiuf. Your ufetubus hits Crazy Yiuf. x2
Crazy Yiuf screams, "Proton!
Orb koolooloo cower."
Crazy Yiuf zaps a wand.
The puff of flame hits your ufetubus!
Your ufetubus is burned terribly!
Your ufetubus dies!
Crazy Yiuf shouts!
Crazy Yiuf zaps a wand.
The puff of flame hits you!
* * * LOW HITPOINT WARNING * * *
You see here a +0 club.
Crazy Yiuf whimpers, "Gum!
Proton infinity wrapper."
Crazy Yiuf zaps a wand.
The puff of flame misses you.
Crazy Yiuf says, "Lay return to song aubergine!"
Crazy Yiuf zaps a wand.
The puff of flame hits you!
You die...

##...†.##......#.#
###
##.##.###.##.#.##
#.. #..###(##...###
#.. #†#.##......#
#..
#.##.######.######..
#.###...........##..
#.# ######...##.##..
#.########).....##..
#..@...).....##.)...
#########g...#######
#....# ♣....♣ ####
♣g..♣♣ #... ♣♣.♣♣
##.# ###############
♣.♣♣ #..
#.............# ♣♣.♣
##.#
###.#############
♣.♣♣ #..#


You could see Crazy Yiuf.

Vanquished Creatures
  2 adders (D:2)
  An ooze (D:1)
  A worm (D:2)
  A dart slug (D:2)
  2 leopard geckos (D:2)
  2 ball pythons
  7 bats
  6 giant cockroaches
  7 goblins
  9 hobgoblins
  3 jackals (D:1)
  7 kobolds
  6 frilled lizards
  8 rats
62 creatures vanquished.

Notes
Turn   | Place    | Note
-------+----------+-------------------------------------------
     0 | Abyss:1  | Derp the Demonspawn Abyssal Knight began the quest for the
                  | Orb.
     0 | Abyss:1  | Reached XP level 1. HP: 18/18 MP: 2/2
     1 | Abyss:1  | Found a corrupted altar of Lugonu.
    14 | Abyss:1  | Found a corrupted altar of Lugonu.
    87 | Abyss:1  | Noticed a ynoxinul
    88 | D:1      | Escaped the Abyss
   219 | D:1      | Gained mutation: A weak demonic guardian rushes to your
                  | aid. [demonic ancestry]
   219 | D:1      | Reached XP level 2. HP: 14/24 MP: 3/3
   304 | D:1      | Reached * piety under Lugonu
   356 | D:1      | Reached skill level 1 in Dodging
   554 | D:1      | Gained mutation: You have a pair of small horns on your
                  | head. [demonic ancestry]
   554 | D:1      | Reached XP level 3. HP: 13/30 MP: 4/4
  1781 | D:2      | Gained mutation: You have sharp fingernails. [demonic
                  | ancestry]
  1781 | D:2      | Reached XP level 4. HP: 35/37 MP: 5/5
  1791 | D:2      | Reached ** piety under Lugonu
  1883 | D:2      | Found a runed translucent door.
  1884 | D:2      | Noticed Crazy Yiuf
  1980 | D:2      | Found a hazy altar of Hepliaklqana.
  1985 | D:2      | Found a shattered altar of Ashenzari.
  1989 | D:2      | Found an opulent altar of Gozag.
  2343 | D:2      | HP: 1/37 [Crazy Yiuf/wand of flame (16) (9)]
  2350 | D:2      | Killed from afar by Crazy Yiuf

Skill      XL: |  1  2  3 |
---------------+----------+-----
Dodging        | 1 |  1.5
Maces & Flails | 2 |  2.7
Armour         | 2 |  2.3
Fighting       | |  3.9
Stealth        | |  0.2
Invocations    | |  2.4

Action                   |  1- 3 |  4- 6 || total
-------------------------+-------+-------++-------
Melee: Mace              |   156 |    42 ||   198
       Headbutt          |     8 |     3 ||    11
Invok: Depart the Abyss  |     1 |       ||     1
  Use: Scroll            |       |     4 ||     4
 Stab: Sleeping          |     1 |       ||     1
  Eat: Chunk             |     3 |     1 ||     4
       Ration            |       |     1 ||     1
Armor: Leather armour    |    75 |    28 ||   103
Dodge: Dodged            |   132 |    51 ||   183
